AoeStats
← CLİNT EASTWOOD SS

Arabia

506849535Analyzed
1v1 RM · 17d ago on Sep 15, 2026· 25m 21s· 2 players
Game mode
Random Map
Map size
Tiny (2 player)
Population
200
Speed
Normal
Resources
Standard
Victory
Conquest
Starting age
Dark Age
Ending age
Imperial Age
RankedLock teamsTeams togetherTeam positionsShared explorationLock speedFull tech treeHidden civsTurbo modeCheats
Victory
Defeat
🇹🇼 Koreans · Taiwan
681
+15
🇹🇷 Turks · Türkiye
668
-23
CLİNT EASTWOOD SS
11:54 Feudal Age
13:27 Horse Collar
14:35 Man-at-Arms
K
2:12 Loom
11:57 Feudal Age
12:33 Horse Collar
12:48 Double-Bit Axe
12:34 Man-at-Arms
19:46 Arson
22:05 Fletching
25:13 Castle Age
23:57 Stone Mining
23:58 Gold Mining
Connection lost

Rejoining the realm…

Still unreachable

The connection could not be restored.

Session expired

The server has moved on; the page needs a fresh start.